 Dungeon Crawl Stone Soup version 0.24.0-13-gcf9b319 (webtiles) character file.

Game seed: 7444811325764128861, levelgen mode: deterministic

1457 Fang the Skirmisher (level 8, 0/52 HPs)
             Began as a Gargoyle Berserker on Nov 11, 2019.
             Was a Priest of Trog.
             Shot with an arrow by a centaur (9 damage)
             ... on level 6 of the Dungeon.
             The game lasted 00:04:02 (4549 turns).

Fang the Skirmisher (Gargoyle Berserker)            Turns: 4549, Time: 00:04:03

Health: 0/52       AC: 15    Str: 23    XL:     8   Next: 76%
Magic:  0/8        EV:  8    Int:  8    God:    Trog [***...]
Gold:   71         SH:  0    Dex:  9    Spells: 7/7 levels left

rFire    . . .     SeeInvis +   a - +0 hand axe
rCold    . . .     Gourm    .   (no shield)
rNeg     + . .     Faith    .   b - +0 plate armour
rPois    ∞         Spirit   +   l - +1 hat
rElec    +         Reflect  .   y - scarf {Spirit}
rCorr    .         Harm     .   (no gloves)
MR       ++...                  (no boots)
Stlth    ..........             (no amulet)
HPRegen  1.17/turn              C - ring of see invisible
MPRegen  0.11/turn              (no ring)

@: corroded, regenerating
A: negative energy resistance 1, electricity resistance, unbreathing,
petrification resistance, rot immunity, AC +5
a: Berserk, Trog's Hand, Renounce Religion


You were on level 6 of the Dungeon.
You worshipped Trog.
Trog was most pleased with you.
You were not hungry.

You visited 2 branches of the dungeon, and saw 7 of its levels.

You collected 236 gold pieces.
You spent 165 gold pieces at shops.

Inventory:

Hand Weapons
 a - a +0 hand axe (weapon)
Armour
 b - a +0 plate armour (worn)
 l - a +1 hat (worn)
 y - a scarf of spirit shield (worn)
Jewellery
 C - a ring of see invisible (left hand)
Wands
 s - a wand of acid (4)
Scrolls
 h - 3 scrolls of teleportation {unknown}
 k - 6 scrolls of identify {unknown}
 m - a scroll of magic mapping {unknown}
 o - a scroll of noise {unknown}
 q - 6 scrolls of remove curse {unknown}
 r - 4 scrolls of enchant weapon {unknown}
 u - a scroll of amnesia {unknown}
 v - a scroll of enchant armour {unknown}
 x - a scroll of blinking {unknown}
 A - 2 scrolls of fog {unknown}
Potions
 d - 5 potions of might {unknown}
 e - 2 potions of heal wounds {unknown}
 f - a potion of mutation {unknown}
 g - a potion of invisibility {unknown}
 i - a potion of magic {unknown}
 j - 4 potions of curing {unknown}
 n - 2 potions of lignification {unknown}
 p - 2 potions of resistance {unknown}
 t - a potion of flight {unknown}
 w - a potion of brilliance {unknown}
 z - a potion of degeneration {unknown}
 D - a potion of cancellation {unknown}
Comestibles
 c - 12 rations
 B - 7 chunks of flesh


   Skills:
 + Level 6.6 Fighting
 + Level 5.5 Axes
 + Level 6.1 Armour
 + Level 4.6 Dodging


You had 7 spell levels left.
You didn't know any spells.
Your spell library was empty.

Dungeon Overview and Level Annotations

Branches:
Dungeon (6/15)             Temple (1/1) D:5

Altars:
Cheibriados
Gozag
Nemelex Xobeh
Ru
Sif Muna
Wu Jian
Xom

Shops:
D:5 =

Annotations:
D:6 3 runed translucent doors


Innate Abilities, Weirdness & Mutations

You are resistant to torment.
Your stone body is resilient. (AC +5)
You are immune to poison.
You resist negative energy. (rN+)
You are resistant to electric shocks. (rElec)
You can survive without breathing.
You are immune to petrification.
You are immune to rotting.


Message History

You are too injured to fight recklessly!
You are too injured to fight recklessly!
You are too injured to fight recklessly!
You are too injured to fight recklessly!
You are too injured to fight recklessly!
You are too injured to fight recklessly!
You are too injured to fight recklessly!
The centaur shoots an arrow.
The arrow hits you but does no damage.
The centaur shoots an arrow.
The arrow hits you.
You see here 2 arrows.
The centaur shoots an arrow.
The arrow hits you.
The centaur shoots an arrow.
The arrow hits you.
* * * LOW HITPOINT WARNING * * *
The centaur shoots an arrow.
The arrow hits you.
* * * LOW HITPOINT WARNING * * *
You see here 2 arrows.
Your skin crawls.
You feel resistant to hostile enchantments.
You feel somewhat more hungry.
The centaur shoots an arrow.
The arrow hits you!
You die...

... #....# .... #....#
.....#....######
....l#......÷..######
..........####......###
..........# ######....
...###l### #....
##..(..## #####.... ..
#..@⌠...# #....####
..#.........#...##.#
#.#.8._._.8.## #.#
#.#.........######.#
#.##...⌠...##......#
#.###.c...##.......#
#.#########........#
#.....#............#
##.))....##.........#


You could see a centaur and a leopard gecko.

Vanquished Creatures
  The ghost of grimtooth the Archer, an amateur CeHu of Trog (D:4)
  Sigmund (D:3)
  A sky beast (D:6)
  An ice beast (D:6)
  A black bear (D:3)
  2 ogres
  A centaur (D:5)
  A scorpion (D:5)
  A hound (D:4)
  A jelly (D:6)
  3 orc wizards
  2 bullfrog skeletons (D:6)
  An iguana (D:4)
  Natasha (thrice) (D:4)
  3 worker ants
  A worker ant zombie (D:6)
  2 gnolls (D:1)
  5 adders
  An ooze (D:4)
  An adder zombie (D:6)
  An adder skeleton (D:4)
  A worm (D:4)
  A dart slug (D:2)
  4 leopard geckos
  11 orcs
  3 giant cockroaches
  9 goblins
  9 hobgoblins
  3 jackals (D:6)
  2 quokkas (D:4)
  3 ball pythons
  6 bats
  5 frilled lizards
  8 kobolds
  A leopard gecko skeleton (D:4)
  6 rats
106 creatures vanquished.

Notes
Turn   | Place    | Note
-------+----------+-------------------------------------------
     0 | D:1      | Fang the Gargoyle Berserker began the quest for the Orb.
     0 | D:1      | Reached XP level 1. HP: 14/14 MP: 1/1
   219 | D:1      | Reached XP level 2. HP: 19/19 MP: 2/2
   360 | D:1      | Reached XP level 3. HP: 10/24 MP: 3/3
   999 | D:2      | Reached ** piety under Trog
  1052 | D:2      | Found a faded altar of an unknown god.
  1095 | D:2      | Reached XP level 4. HP: 22/29 MP: 4/4
  1777 | D:3      | Noticed a black bear
  1801 | D:3      | Killed a black bear
  1801 | D:3      | Reached XP level 5. HP: 11/33 MP: 5/5
  2119 | D:3      | Noticed Sigmund
  2140 | D:3      | Killed Sigmund
  2140 | D:3      | Reached XP level 6. HP: 30/39 MP: 6/6
  2641 | D:4      | Noticed Natasha
  2655 | D:4      | Killed Natasha
  2655 | D:4      | Reached skill level 5 in Fighting
  2655 | D:4      | Reached XP level 7. HP: 25/44 MP: 7/7
  3000 | D:4      | Found a sacrificial altar of Ru.
  3014 | D:4      | Noticed Natasha
  3025 | D:4      | Killed Natasha
  3039 | D:4      | Found a shimmering altar of Xom.
  3070 | D:4      | Noticed Natasha
  3081 | D:4      | Killed Natasha
  3109 | D:4      | Found a runed translucent door.
  3109 | D:4      | Noticed grimtooth's ghost (amateur CeHu)
  3356 | D:4      | Found a shimmering blue altar of Sif Muna.
  3367 | D:4      | Found a snail-covered altar of Cheibriados.
  3448 | D:4      | Killed grimtooth's ghost
  3448 | D:4      | Reached skill level 5 in Armour
  3606 | D:5      | Entered Level 5 of the Dungeon
  3624 | D:5      | Reached XP level 8. HP: 42/51 MP: 8/8
  3666 | D:5      | Reached *** piety under Trog
  3837 | D:5      | Found a staircase to the Ecumenical Temple.
  3875 | Temple   | Entered the Ecumenical Temple
  3888 | D:5      | Found an ornate altar of the Wu Jian Council.
  4011 | D:5      | Found Aheator's Jewellery Shoppe.
  4024 | D:5      | Bought an uncursed ring of see invisible for 165 gold
                  | pieces
  4130 | D:5      | Reached skill level 5 in Axes
  4370 | D:6      | Found a large runed translucent door.
  4371 | D:6      | Found a large runed translucent door.
  4509 | D:6      | Found a runed translucent door.
  4537 | D:6      | Found a sparkling altar of Nemelex Xobeh.
  4545 | D:6      | Found an opulent altar of Gozag.
  4549 | D:6      | Shot with an arrow by a centaur

Levels and vault maps discovered:
D:1:      lemuel_arrival_river_ford, layout_basic, minmay_misc_feat_chi
D:2:      minmay_spotlight, layout_basic, chequers_ecumenical_altar_island
D:3:      layout_basic, uniq_sigmund
D:4:      layout_rooms, nicolae_ru_the_path_less_chosen, xom_teletrap_fun,
          amethyst_overflow_temple_binary, hellmonk_ghost_happy_afterlife,
          uniq_natasha
D:5:      layout_rooms, lemuel_round_altar,
          minmay_temple_entry_statues_fountains, first_ration, serial_shops,
          nicolae_shop_stone
D:6:      layout_rooms, grunt_temple_overflow_opulence,
          ebering_ghost_disaster_area, gup_sewer_entry_pipe,
          lightli_church_of_beogh
Temple:   nicolae_temple_god_jail

Skill      XL: |  1  2  3  4  5  6  7  8 |
---------------+-------------------------+-----
Axes           | 3 4 5 |  5.5
Dodging        | 2 3 4 |  4.6
Armour         | 3 4 5 6 |  6.1
Fighting       | 4 5 6 |  6.6

Action                   |  1- 3 |  4- 6 |  7- 9 || total
-------------------------+-------+-------+-------++-------
Melee: Hand axe          |   111 |   146 |   267 ||   524
Invok: Berserk           |     1 |     2 |     3 ||     6
       Trog's Hand       |       |     1 |     1 ||     2
  Eat: Chunk             |     2 |     7 |     6 ||    15
       Ration            |       |       |     1 ||     1
Armor: Plate armour      |    88 |   154 |   215 ||   457
       Animal skin       |     1 |       |       ||     1
Dodge: Dodged            |    51 |    60 |   105 ||   216
